 Dungeon Crawl Stone Soup version 0.23-a0-550-g7de1f8e (webtiles) character file.

6142 Lavandula the Slicer (level 11, -14/63 HPs)
             Began as a Halfling Enchanter on Dec 8, 2018.
             Was a Believer of Hepliaklqana.
             Killed from afar by Josephine (24 damage)
             ... with a ghostly fireball
             ... on level 10 of the Dungeon.
             The game lasted 00:38:28 (5339 turns).

Lavandula the Slicer (Halfling Enchanter)           Turns: 5339, Time: 00:38:29

Health: -14/63     AC:  7    Str:  9    XL:     11   Next: 13%
Magic:  2/18       EV: 14    Int: 16    God:    Hepliaklqana [**....]
Gold:   297        SH:  0    Dex: 16    Spells: 1/20 levels left

rFire    . . .     SeeInvis .   g - +1 dagger (drain)
rCold    . . .     Gourm    .   (shield restricted)
rNeg     . . .     Faith    .   M - +0 robe (curse)
rPois    .         Spirit   .   l - +2 hat
rElec    .         Reflect  .   r - +2 cloak
rCorr    .         Harm     .   (no gloves)
MR       .....                  (no boots)
Stlth    ++........             I - amulet of the acrobat
HPRegen  0.20/turn              u - ring of flight
MPRegen  0.16/turn              (no ring)

@: very slightly contaminated, drained
A: small, reduced essence, mutation resistance 1
a: Recall Ancestor, Ancestor Identity, Renounce Religion, Evoke Flight


You were on level 10 of the Dungeon.
You worshipped Hepliaklqana.
Hepliaklqana was pleased with you.
You were hungry.

You visited 1 branch of the dungeon, and saw 11 of its levels.
You also visited: Sewer and Ossuary.

You collected 297 gold pieces.

Inventory:

Hand Weapons
 a - a +1 dagger
 e - a +0 hunting sling
 g - a +1 dagger of draining (weapon)
 j - a +0 dagger of pain
 q - a +4 quarterstaff of chaos
 x - a +0 blowgun
Missiles
 c - a throwing net (quivered)
 y - 35 poisoned needles
 G - 28 sling bullets
Armour
 b - a +0 robe
 l - a +2 hat (worn)
 r - a +2 cloak (worn)
 M - a cursed +0 robe (worn)
Jewellery
 o - an uncursed ring of fire
 u - a ring of flight (left hand)
 I - an amulet of the acrobat (around neck)
 P - an uncursed ring of magical power
Wands
 m - a wand of iceblast (11)
 z - a wand of random effects (26)
 J - a wand of flame (9)
Scrolls
 f - a scroll of blinking {unknown}
 h - 8 scrolls of remove curse
 i - 2 scrolls of teleportation
 s - a scroll of noise
 E - a scroll of magic mapping
 F - 4 scrolls of amnesia
 N - a scroll of immolation {unknown}
Potions
 n - 2 potions of invisibility {unknown}
 p - a potion of resistance {unknown}
 t - 8 potions of brilliance
 v - a potion of mutation {unknown}
 w - 7 potions of curing
 A - 4 potions of heal wounds {unknown}
 B - 5 potions of agility {unknown}
 C - a potion of might {unknown}
 D - 3 potions of flight {unknown}
 K - a potion of haste {unknown}
 L - 2 potions of cancellation {unknown}
Miscellaneous
 H - a sack of spiders
Comestibles
 d - 11 rations


   Skills:
 - Level 5.0(3.8) Fighting
 - Level 9.8(8.5) Short Blades
 - Level 2.7(1.6) Dodging
 - Level 3.7(2.5) Stealth
 + Level 5.1(4.0) Spellcasting
 - Level 5.0(3.9) Conjurations
 - Level 3.6(2.5) Hexes
 - Level 2.0(0.9) Summonings
 - Level 2.4(1.4) Translocations
 - Level 5.0(3.8) Air Magic
 - Level 2.2(1.1) Poison Magic
 - Level 3.5(2.4) Evocations


You had one spell level left.
You knew the following spells:

 Your Spells              Type           Power        Failure   Level  Hunger
a - Corona                Hex            ##.....      6%          1    None
b - Ensorcelled Hibernat  Hex/Ice        #.....       16%         2    ##.....
c - Dazzling Spray        Conj/Hex       ##....       14%         3    ###....
d - Call Imp              Summ           #.......     17%         2    ##.....
e - Tukima's Dance        Hex            ##......     19%         3    ###....
f - Blink                 Tloc           N/A          14%         2    ##.....
g - Mephitic Cloud        Conj/Pois/Air  ##......     16%         3    ###....
h - Conjure Flame         Conj/Fire      #.......     22%         3    ###....

Your spell library contained the following spells:

 Spells                   Type           Power        Failure   Level  Hunger
 Magic Dart               Conj           ###.         3%          1    None
 Slow                     Hex            ##......     9%          2    ##.....
 Confuse                  Hex            ##......     19%         3    ###....


Dungeon Overview and Level Annotations

Branches:
Dungeon (11/15)            Temple (0/1) D:6
   Lair: D:8-11         Orc: D:9-12

Altars:
Ashenzari
Cheibriados
Elyvilon
Fedhas
Hepliaklqana
Kikubaaqudgha
Makhleb
Okawaru
Ru
Trog
Yredelemnul
Zin

Portals:
Trove: D:10 (give +2 gold dragon scales)

Annotations:
D:4 1 runed door
D:10 Josephine


Innate Abilities, Weirdness & Mutations

You are small and have problems with some larger weapons.
You are somewhat resistant to further mutation.
Your life essence is reduced to manifest your ancestor. (-10% HP)


Message History

Josephine seems less confused.
Josephine is infused with unholy energy.
Josephine draws life force from you and is healed!
Evoke which item? (* to show all) (? for menu, Esc to quit)
Okay, then.
The orc warrior throws a tomahawk.
The tomahawk hits you. Josephine closely misses you.
You see here a tomahawk.
The orc warrior throws a tomahawk.
The tomahawk completely misses you.
Josephine gestures at you while chanting.
The ghostly flame explodes!
The ghostly fireball engulfs you!
You feel drained.
* * * LOW HITPOINT WARNING * * *
Evoke which item? (* to show all) (? for menu, Esc to quit)
Okay, then.
As you read the scroll of fear, it crumbles to dust.
You assume a fearsome visage.
The orc warrior looks frightened! x2
Josephine looks frightened!
Josephine gestures at you while chanting.
The ghostly flame explodes!
The ghostly fireball engulfs you!
You feel drained.
You die...

##..........................).
##.............................
##..............................
##...............................
#................................
.......................)..[......
..............(..................
...........#.....................
..........###...@....8≈≈≈≈≈≈≈≈≈≈≈
.........#####...(@..≈8≈≈≈≈≈≈≈≈≈≈
........##.∩###......≈≈.'########
.......##...##...((..≈≈.#.......
.)))..##...##........≈≈##.......
....)##...##...........o........
)..)##...##.......).o≈≈##.......
..)##...##...........≈≈.#.......
....#).##.....###....≈≈.'#######


You could see Josephine (fleeing) and 2 orc warriors.

Vanquished Creatures
  2 two-headed ogres
  A gargoyle (D:10)
  A hippogriff (D:8)
  A wraith (D:10)
  Menkaure (D:2)
  4 orc warriors
  A black bear (D:6)
  3 phantoms
  A sky beast (D:10)
  2 centaurs
  An ogre (D:8)
  4 bullfrogs
  A scorpion (D:4)
  An electric eel (D:10)
  2 howler monkeys
  2 crimson imps (D:6)
  2 hounds
  4 orc priests
  A jelly (D:6)
  Crazy Yiuf (D:3)
  A bullfrog skeleton (D:6)
  A quasit (D:8)
  5 orc wizards
  An iguana (D:9)
  A worker ant (D:6)
  A killer bee zombie (D:5)
  A hound skeleton (D:4)
  A mummy (Ossuary)
  A worker ant zombie (D:5)
  4 adders
  A river rat (Sewer)
  A shadow imp (D:5)
  An ooze (D:6)
  An adder skeleton (D:5)
  4 adder zombies (Ossuary)
  3 worms
  2 dart slugs
  2 leopard geckos (D:4)
  21 orcs
  A bat zombie (D:2)
  3 giant cockroaches
  5 gnoll zombies (Ossuary)
  3 goblins
  5 hobgoblins (D:2)
  3 jackals
  25 kobolds
  9 ball pythons
  A bat (D:1)
  5 frilled lizards
  A goblin skeleton (D:4)
  2 hobgoblin zombies (Ossuary)
  4 kobold zombies
  A leopard gecko skeleton (D:4)
  4 orc zombies (Ossuary)
  2 quokka skeletons
  A quokka zombie (D:2)
  14 rats
178 creatures vanquished.

Vanquished Creatures (collateral kills)
  A meliai zombie (D:10)
  Sigmund (D:5)
  3 wraiths (D:10)
  A hungry ghost (D:10)
  2 orc warriors (D:10)
  A phantom (D:4)
  A black bear (D:6)
  An ogre (D:4)
  A necrophage (D:10)
  A big kobold (D:9)
  A gnoll sergeant (D:10)
  A water moccasin zombie (Ossuary)
  An electric eel (D:10)
  A bullfrog zombie (D:5)
  4 orc wizards
  An orc priest (D:10)
  A hound (D:9)
  2 bullfrog skeletons
  A worker ant (D:3)
  A big kobold zombie (Ossuary)
  A mummy (Ossuary)
  5 gnolls (D:10)
  An adder (D:6)
  A leopard gecko (D:6)
  9 orcs
  4 jackals
  2 kobolds (D:9)
50 creatures vanquished.

Vanquished Creatures (others)
  2 dancing weapons
  2 battlemagi (D:10)
  10 ancestors
14 creatures vanquished.

Grand Total: 242 creatures vanquished

Notes
Turn   | Place    | Note
-------+----------+-------------------------------------------
     0 | D:1      | Lavandula the Halfling Enchanter began the quest for the
                  | Orb.
     0 | D:1      | Reached XP level 1. HP: 11/11 MP: 3/3
   183 | D:2      | Found a faded altar of an unknown god.
   261 | D:1      | Reached XP level 2. HP: 17/17 MP: 4/4
   351 | D:2      | Found a sacrificial altar of Ru.
   358 | D:2      | Found a hazy altar of Hepliaklqana.
   422 | D:2      | Noticed a phantom
   425 | D:2      | Found a transporter.
   431 | D:2      | Found an ancient bone altar of Kikubaaqudgha.
   435 | D:2      | Noticed Menkaure
   441 | D:2      | Found a basalt altar of Yredelemnul.
   444 | D:2      | Found a transporter.
   593 | D:4      | Noticed a phantom
   594 | D:4      | Reached skill level 1 in Evocations
   594 | D:4      | Reached XP level 3. HP: 20/21 MP: 5/5
   604 | D:3      | Found a runed door.
   608 | D:3      | Noticed Crazy Yiuf
   622 | D:3      | Killed Crazy Yiuf
   622 | D:3      | Reached skill level 2 in Short Blades
   622 | D:3      | Reached XP level 4. HP: 27/27 MP: 6/6
   689 | D:3      | Reached skill level 3 in Short Blades
   735 | D:4      | Reached skill level 1 in Fighting
   739 | D:4      | Learned a level 2 spell: Ensorcelled Hibernation
   766 | D:4      | Found a bloodstained altar of Trog.
   805 | D:4      | Noticed an ogre
   828 | D:4      | Reached XP level 5. HP: 34/34 MP: 7/7
   896 | D:4      | Noticed a phantom
   918 | D:4      | Noticed a phantom
   959 | D:4      | Found a burning altar of Makhleb.
   972 | D:4      | Found a runed door.
   972 | D:4      | Noticed a human
   974 | D:4      | Found a basalt altar of Yredelemnul.
   974 | D:4      | Noticed an ogre
   999 | D:4      | Killed a phantom
   999 | D:4      | Reached XP level 6. HP: 22/42 MP: 8/8
  1257 | D:4      | Found a glowing drain.
  1261 | Sewer    | Entered a sewer
  1672 | D:4      | Killed a phantom
  1672 | D:4      | Reached skill level 5 in Fighting
  1672 | D:4      | Reached XP level 7. HP: 50/50 MP: 7/9
  1694 | D:3      | Found a white marble altar of Elyvilon.
  1700 | D:3      | Found a glowing silver altar of Zin.
  1781 | D:2      | Found a snail-covered altar of Cheibriados.
  1790 | D:2      | Learned a level 3 spell: Dazzling Spray
  1793 | D:2      | Became a worshipper of Hepliaklqana the Forgotten
  1957 | D:2      | Killed Menkaure
  2029 | D:2      | Reached skill level 4 in Short Blades
  2050 | D:2      | Learned a level 2 spell: Call Imp
  2486 | D:4      | Reached XP level 8. HP: 30/49 MP: 10/10
  2580 | D:4      | Learned a level 3 spell: Tukima's Dance
  2581 | D:5      | Entered Level 5 of the Dungeon
  2630 | D:5      | Learned a level 2 spell: Blink
  2711 | D:5      | Noticed Sigmund
  2725 | D:5      | Killed Sigmund
  2731 | D:5      | Found a sacrificial altar of Ru.
  2775 | D:5      | Found a shattered altar of Ashenzari.
  2796 | D:5      | Reached skill level 1 in Conjurations
  3163 | D:5      | Noticed a troll
  3293 | D:6      | Reached skill level 1 in Translocations
  3308 | D:6      | Reached XP level 9. HP: 39/54 MP: 2/13
  3334 | D:6      | Found a staircase to the Ecumenical Temple.
  3404 | D:6      | Learned a level 3 spell: Mephitic Cloud
  3425 | D:6      | Found an iron altar of Okawaru.
  3425 | D:6      | Noticed a two-headed ogre
  3444 | D:6      | Reached skill level 1 in Poison Magic
  3570 | D:6      | Killed a two-headed ogre
  3747 | D:6      | Reached skill level 5 in Air Magic
  3771 | D:6      | Found a bloodstained altar of Trog.
  3848 | D:6      | Reached * piety under Hepliaklqana
  4007 | D:8      | Noticed a two-headed ogre
  4008 | D:8      | Found a sand-covered staircase.
  4014 | D:8      | Killed a two-headed ogre
  4014 | D:8      | Reached skill level 5 in Conjurations
  4014 | D:8      | Reached XP level 10. HP: 52/59 MP: 12/16
  4022 | Ossuary  | Entered an ossuary
  4518 | D:8      | Reached skill level 5 in Short Blades
  4560 | D:8      | Found a blossoming altar of Fedhas.
  4585 | D:8      | Reached skill level 6 in Short Blades
  4770 | D:10     | Entered Level 10 of the Dungeon
  4773 | D:10     | Reached skill level 7 in Short Blades
  4840 | D:10     | Reached ** piety under Hepliaklqana
  4841 | D:10     | Remembered your ancestor Citlalmina as a battlemage
  4859 | D:10     | Reached skill level 8 in Short Blades
  4992 | D:10     | Found a portal to a secret trove of treasure.
  5001 | D:10     | Reached skill level 9 in Short Blades
  5032 | D:10     | Noticed a gargoyle
  5054 | D:10     | Killed a gargoyle
  5128 | D:10     | Reached XP level 11. HP: 25/63 MP: 8/17
  5274 | D:10     | Reached skill level 5 in Spellcasting
  5281 | D:10     | Learned a level 3 spell: Conjure Flame
  5300 | D:10     | Noticed Josephine
  5339 | D:10     | Killed from afar by Josephine

Vault maps used:
D:1:      sevenhm_arrival_forest_fort_small_3
D:2:      gammafunk_temple_of_torment, nicolae_overflow_hidden_temple,
          chequers_ecumenical_altar_simple_redux
D:3:      lemuel_crystal_altar, overflow_temple_1_default, first_ration,
          grunt_decor_arrowhead, minmay_misc_feat_enclosed,
          uniq_crazy_yiuf_cottage
D:4:      lightli_temple_of_fire, overflow_temple_1_default,
          gup_sewer_entry_spiral, dk_yredelemnul_ordeal
D:5:      evilmike_ruin_ashenzari, nicolae_ru_great_annihilating_truth,
          uniq_sigmund
D:6:      kennysheep_mini, minmay_temple_entry_large_hall, trog_ov_bears_minmay
D:7:      nemelex_xobeh_ov_fountains_minmay, serial_shops, shop, grunt_ogre_cave
D:8:      serial_shops, shop, basic_altar, nicolae_ossuary_entry_plus,
          kennysheep_generic_room_16
D:9:      lemuel_coloured_pillars_altar
D:10:     erik_orc_2, nicolae_trove_entry_diagonal, uniq_josephine
D:11:     dpeg_oklobed_lair, minmay_mirror_moons_of_madness
Sewer:    sewer_minmay_treatment
Ossuary:  ossuary_tomb_2

Skill      XL: |  1  2  3  4  5  6  7  8  9 10 11 |
---------------+----------------------------------+-----
Evocations     | 1 3 |  3.5
Short Blades   | 2 3 4 9 |  9.8
Fighting       | 1 3 5 |  5.0
Summonings     | 2 |  2.0
Spellcasting   | 3 4 5 |  5.1
Hexes          | 3 |  3.6
Conjurations   | 1 5 |  5.0
Translocations | 2 |  2.4
Poison Magic   | 2 |  2.2
Air Magic      | 5 |  5.0
Dodging        | |  2.7
Stealth        | |  3.7

Action                   |  1- 3 |  4- 6 |  7- 9 | 10-12 || total
-------------------------+-------+-------+-------+-------++-------
Melee: Dagger            |    33 |     6 |    38 |    69 ||   146
       Quarterstaff      |       |   114 |   149 |   118 ||   381
 Fire: Hunting sling     |       |       |     5 |       ||     5
       Blowgun           |       |       |    13 |    14 ||    27
 Cast: Corona            |     6 |     5 |     5 |       ||    16
       Ensorcelled Hiber |       |     6 |     7 |     1 ||    14
       Call Imp          |       |       |    10 |    13 ||    23
       Dazzling Spray    |       |       |     4 |     9 ||    13
       Tukima's Dance    |       |       |     1 |     1 ||     2
       Blink             |       |       |     1 |       ||     1
       Mephitic Cloud    |       |       |     3 |    12 ||    15
Invok: Recall Ancestor   |       |       |     1 |       ||     1
       Ancestor Life: Ba |       |       |       |     1 ||     1
 Abil: Evoke Flight      |       |     4 |       |       ||     4
       Stop Flying       |       |     1 |       |       ||     1
Evoke: Wand              |     3 |     1 |     3 |     6 ||    13
  Use: Scroll            |       |       |     9 |     4 ||    13
 Stab: Sleeping          |     6 |     5 |    13 |     5 ||    29
       Paralysed         |       |     2 |     2 |     2 ||     6
       Confused          |       |       |     5 |     9 ||    14
       Distracted        |       |       |     2 |     1 ||     3
       Invisible         |       |       |       |     1 ||     1
       Petrifying        |       |       |       |     1 ||     1
  Eat: Chunk             |       |     4 |    10 |     5 ||    19
       Ration            |       |       |       |     1 ||     1
Armor: Robe              |     4 |    32 |    35 |    38 ||   109
Dodge: Dodged            |    19 |   104 |   159 |   154 ||   436

Table legend:
 A = Non-vault XP
 B = Vault XP
 C = Vault XP percentage of total XP
 D = Non-vault monster count
 E = Vault monster count
 F = Vault count percentage of total count
                 A         B        C        D         E       F
            +---------+---------+-------+---------+---------+-------
      Total |    6212 |    2563 |  29.2 |     136 |      92 |  40.4
            +---------+---------+-------+---------+---------+-------
        D:1 |       8 |       0 |   0.0 |       6 |       0 |   0.0
        D:2 |      15 |     304 |  95.3 |       7 |       4 |  36.4
        D:3 |     128 |      42 |  24.7 |      19 |       1 |   5.0
        D:4 |     645 |      14 |   2.1 |      13 |       7 |  35.0
        D:5 |     334 |     255 |  43.3 |      17 |       5 |  22.7
        D:6 |    1589 |     238 |  13.0 |      32 |       2 |   5.9
        D:7 |     110 |       0 |   0.0 |       2 |       0 |   0.0
        D:8 |    1312 |       0 |   0.0 |       4 |       0 |   0.0
        D:9 |     419 |       0 |   0.0 |      15 |       0 |   0.0
       D:10 |    1652 |    1462 |  46.9 |      21 |      20 |  48.8
      Sewer |       0 |      65 | 100.0 |       0 |      31 | 100.0
    Ossuary |       0 |     183 | 100.0 |       0 |      22 | 100.0
            +---------+---------+-------+---------+---------+-------
